 Dungeon Crawl Stone Soup version 0.27-a0-1358-ga0a28fc8c3 (webtiles) character file.

Game seed: 12323580055071490111

258 Delamore the Covert (level 6, 0/42 HPs)
             Began as an Octopode Brigand on June 28, 2021.
             Slain by a gnoll (6 damage)
             ... on level 4 of the Dungeon.
             The game lasted 00:02:17 (2479 turns).

Delamore the Covert (Octopode Brigand)              Turns: 2479, Time: 00:02:17

Health: 0/42       AC:  1    Str: 10    XL:     6   Next: 16%
Magic:  6/6        EV: 13    Int: 13    God:
Gold:   108        SH:  5    Dex: 16    Spells: 5/5 levels left

rFire    . . .     SeeInvis .   a - +3 dagger
rCold    . . .     Faith    .   (no shield)
rNeg     . . .     Spirit   .   (helmet restricted)
rPois    .         Reflect  +   j - amulet of reflection
rElec    .         Harm     .   (no ring)
rCorr    .         Rampage  .   (no ring)
Will     .....                  (no ring)
Stlth    +++++.....             (no ring)
HPRegen  0.14/turn              (no ring)
MPRegen  0.10/turn              (no ring)
                                (no ring)
                                (no ring)

@: no status effects
A: almost no armour, amphibious, 8 rings, camouflage 1, gelatinous body 1,
(nimble swimmer 1), tentacles
a: no special abilities


You were on level 4 of the Dungeon.
You visited 1 branch of the dungeon, and saw 4 of its levels.

You collected 108 gold pieces.

Inventory:

Hand Weapons
 a - a +3 dagger (weapon)
Missiles
 b - 8 poisoned darts
 c - a curare-tipped dart (quivered)
Jewellery
 j - an amulet of reflection (around mantle)
Potions
 d - 3 potions of haste
 e - a potion of might {unknown}
 f - a potion of invisibility
 h - a potion of curing {unknown}


   Skills:
 + Level 3.4 Fighting
 + Level 3.5 Short Blades
 - Level 2.0 Throwing
 - Level 1.0 Dodging
 * Level 8.1 Stealth


You had 5 spell levels left.
You didn't know any spells.
Your spell library was empty.

Dungeon Overview and Level Annotations

Branches:
Dungeon (4/15)
 Temple: D:4-7

Altars:


Innate Abilities, Weirdness & Mutations

You cannot wear most types of armour.
You are amphibious.
You can wear up to eight rings at the same time.
Your skin changes colour to match your surroundings (Stealth+).
Your rubbery body absorbs attacks. (AC +1, EV +1)
((You are camouflaged near water. (Stealth+)))
You have tentacles for arms and can constrict up to eight enemies at once.


Message History

You feel agile. The orc hits you with a +0 club.
You barely miss the orc. Your grab misses the orc.
The orc hits you with a +0 club.
You barely miss the orc. Your grab misses the orc. You squeeze the orc.
The orc is moderately wounded.
The orc barely misses you.
You hit the orc. You grab the orc. You squeeze the orc.
You kill the orc!
No target in view!
A gnoll is nearby!
You hit the gnoll but do no damage. Your grab misses the gnoll.
The gnoll misses you.
You completely miss the gnoll. Your grab misses the gnoll.
The gnoll hits you with a +0 halberd.
You hit the gnoll. Your grab misses the gnoll.
The gnoll is moderately wounded.
The gnoll closely misses you.
A gnoll comes into view. It is wielding a +0 whip.
The gnoll shouts!
You hit the gnoll but do no damage. Your grab misses the gnoll.
You squeeze the gnoll.
The gnoll is severely wounded.
You hear a shout!
The gnoll hits you with a +0 halberd!
You hit the gnoll.
You kill the gnoll!
You completely miss the gnoll. Your grab misses the gnoll.
Your squeeze misses the gnoll. The gnoll hits you with a +0 whip!
* * * LOW HITPOINT WARNING * * *
Found 7 gold pieces.
Throw: 2 darts (curare)
Press: ? - help, Q - select action, (/) - cycle Shift-Dir - straight line, f - gnoll
Aim: a gnoll, wielding a +0 whip (65% to hit)
You throw a curare-tipped dart. The curare-tipped dart hits the gnoll.
The gnoll is poisoned.
The gnoll convulses.
The gnoll seems to slow down.
The gnoll is severely wounded.
The gnoll hits you with a +0 whip.
You die...

.........#$#....##
.......#.###.†...#
.......#....(#
.......##..).#
.......###.#)#
...........#.#
####.....(.#.#
#...g...#.###########
......#...g@....$.#
...##.###########+#
#... #+#


You could see a gnoll (very poisoned, slow).

Vanquished Creatures
  A hound (D:4)
  3 jellies (D:4)
  5 gnolls
  2 adders
  A worm (D:2)
  5 dart slugs
  An orc (D:4)
  5 ball pythons
  3 endoplasms
  4 giant cockroaches
  3 goblins
  5 hobgoblins
  2 jackals (D:3)
  A quokka (D:1)
  4 bats
  6 kobolds
  6 rats
57 creatures vanquished.

Notes
Turn   | Place    | Note
-------+----------+-------------------------------------------
     0 | D:1      | Delamore the Octopode Brigand began the quest for the Orb.
     0 | D:1      | Reached XP level 1. HP: 14/14 MP: 1/1
    99 | D:1      | Reached XP level 2. HP: 17/19 MP: 2/2
   381 | D:1      | Found a faded altar of an unknown god.
   725 | D:2      | Reached skill level 6 in Stealth
   753 | D:2      | Reached XP level 3. HP: 25/25 MP: 3/3
  1531 | D:3      | Reached XP level 4. HP: 30/30 MP: 4/4
  1753 | D:3      | Reached skill level 7 in Stealth
  2250 | D:3      | Reached XP level 5. HP: 36/36 MP: 5/5
  2459 | D:4      | Reached skill level 8 in Stealth
  2459 | D:4      | Reached XP level 6. HP: 39/42 MP: 6/6
  2479 | D:4      | Slain by a gnoll

Illustrated notes

Levels and vault maps discovered:
D:1:      dpeg_arrival_shelter, layout_basic, hellmonk_ecumenical_altar_lost_god
D:2:      layout_loops_ring
D:3:      layout_loops_ring
D:4:      layout_basic, grunt_tough_drop, uniq_grinder

Skill      XL: |  1  2  3  4  5 |
---------------+----------------+-----
Stealth        | 6 7 8 |  8.1
Short Blades   | 3 |  3.5
Fighting       | 3 |  3.4
Throwing       | |  2.0
Dodging        | |  1.0

Action                   |  1- 3 |  4- 6 || total
-------------------------+-------+-------++-------
Melee: Dagger            |    56 |    39 ||    95
       Constrict         |    14 |     7 ||    21
       Tentacles         |     9 |     9 ||    18
Throw: Dart              |       |     1 ||     1
  Use: Scroll            |     3 |     2 ||     5
 Stab: Sleeping          |    16 |     9 ||    25
       Distracted        |       |     1 ||     1
Armor: Skin              |     2 |       ||     2
Dodge: Dodged            |    28 |    18 ||    46
Block: Other             |       |     1 ||     1

Table legend: (Time is in decaauts)
 A = Elapsed time spent in this place.
 B = Non-inter-level travel time spent in this place.
 C = Inter-level travel time spent in this place.
 D = Time resting spent in this place.
 E = Time spent auto-exploring this place.
 F = Levels seen in this place.
 G = Mean time per level.
                   A        B        C        D        E       F      G
               +--------+--------+--------+--------+--------+-----+--------+
         Total |   2466 |   2409 |     57 |    139 |   1912 |   4 |  616.5 |
       Dungeon |   2466 |   2409 |     57 |    139 |   1912 |   4 |  616.5 |
               +--------+--------+--------+--------+--------+-----+--------+

Top non-repeatable levels by time:
     D:3: 830 daAuts
     D:2: 817 daAuts
     D:1: 685 daAuts
     D:4: 133 daAuts
